 Dungeon Crawl Stone Soup version 0.27.0-1-g7a089689b8 (webtiles) character file.

Game seed: 4065299264053982872

200 Spaninq the Vandal (level 6, 0/45 HPs)
             Began as a Djinni Fire Elementalist on Aug 6, 2021.
             Was a Priest of Wu Jian.
             Slain by a wyvern (14 damage)
             ... on level 4 of the Dungeon.
             The game lasted 00:10:23 (4293 turns).

Spaninq the Vandal (Djinni Fire Elementalist)       Turns: 4293, Time: 00:10:24

Health: 0/45       AC:  4    Str:  9    XL:     6   Next: 7%
Gold:   91         EV: 12    Int: 17    God:    Wu Jian [***...] SH:  0 Dex: 13

rFire    + + .     SeeInvis .   g - +1 spear (venom)
rCold    x . .     Faith    .   (no shield)
rNeg     . . .     Spirit   .   a - +0 robe
rPois    ∞         Reflect  .   e - +1 helmet
rElec    .         Harm     .   (no cloak)
rCorr    .         Rampage  .   (no gloves)
Will     .....                  (boots unavailable)
Stlth    ++........             (no amulet)
HPRegen  0.15/turn              (no ring)
MPRegen  0.00/turn              (no ring)

@: flying
A: sickness immunity, fire resistance 2, cold vulnerability 1, float, innate
caster, hp casting, extra vitality 1
a: Renounce Religion, Wall Jump, Serpent's Lash


You were on level 4 of the Dungeon.
You worshipped Wu Jian.
Wu Jian was most pleased with you.
You visited 1 branch of the dungeon, and saw 4 of its levels.

You collected 91 gold pieces.

Inventory:

Hand Weapons
 c - a +3 hunting sling of flaming
 g - a +1 spear of venom (weapon)
Missiles
 d - 30 sling bullets
 k - 51 stones
Armour
 a - a +0 robe (worn)
 e - a +1 helmet (worn)
Scrolls
 i - a scroll of identify
Potions
 b - 2 potions of curing
 h - a potion of resistance
 j - a potion of haste


   Skills:
 + Level 2.8 Fighting
 * Level 3.5 Slings
 - Level 2.1 Dodging
 - Level 1.5 Stealth
 - Level 2.4 Spellcasting


You couldn't memorise any spells.
You knew the following spells:

 Your Spells              Type           Power      Damage    Failure   Level
a - Foxfire               Conj/Fire      40%        2x1d6     7%          1
b - Conjure Flame         Conj/Fire      10%        6-21      21%         3
c - Inner Flame           Hex/Fire       10%        N/A       21%         3
d - Sticky Flame          Conj/Fire      10%        2d3       56%         4
e - Fireball              Conj/Fire      5%         3d5       88%         5
f - Pain                  Necr           40%        1d6       7%          1
g - Searing Ray           Conj           20%        3d3       11%         2
Your spell library was empty.

Dungeon Overview and Level Annotations

Branches:
Dungeon (4/15)             Temple (0/1) D:4

Altars:
Elyvilon
Wu Jian
Xom


Innate Abilities, Weirdness & Mutations

You are immune to sickness and miasma.
You are immune to poison.
Your flesh is very heat resistant. (rF++)
You are vulnerable to cold. (rC-)
You float through the air rather than walking.
You learn spells naturally, not from books.
Your magical power is your life essence.
You have superior vitality. (+4 HP)


Message History

The wyvern is moderately wounded.
The wyvern bites you but does no damage.
You barely miss the wyvern.
The wyvern is moderately wounded.
The wyvern completely misses you.
The wyvern bites you but does no damage.
You hit the wyvern but do no damage.
The wyvern is poisoned.
The wyvern is moderately wounded.
The wyvern bites you! x2
Casting: Foxfire (safe; 7% risk of failure)
Confirm with . or Enter, or press ? or * to list all spells.
You conjure some foxfire!
You hear the rusting of a very distant drain.
An endoplasm comes into view.
The wyvern barely misses you.
Casting: Foxfire (safe; 7% risk of failure)
Confirm with . or Enter, or press ? or * to list all spells.
You conjure some foxfire!
The foxfire hits the wyvern but does no damage.
The wyvern is heavily wounded.
The foxfire hits the wyvern but does no damage.
The wyvern is heavily wounded.
The wyvern bites you but does no damage.
The wyvern bites you!
Casting: Foxfire (safe; 7% risk of failure)
Confirm with . or Enter, or press ? or * to list all spells.
You conjure some foxfire!
The foxfire hits the wyvern.
The wyvern is heavily wounded.
The foxfire hits the wyvern but does no damage.
The wyvern is heavily wounded.
The wyvern misses you.
Casting: Foxfire (safe; 7% risk of failure)
Confirm with . or Enter, or press ? or * to list all spells.
You conjure some foxfire!
The foxfire hits the wyvern.
The wyvern is severely wounded.
The foxfire hits the wyvern but does no damage.
The wyvern is severely wounded.
The wyvern bites you but does no damage.
The wyvern bites you!
You die...

,,<,,,,,,,,,,,,,,,,,,,,,,,,,,,,,,
,*,,*,***,***.####,*..#,,**,,,,,,
**,,,,,,,,,,,,....,...#.,**,,,,,,
,*,,,,,,,...,,.........b,,,,,,,,,
,,,,,,,,,....,#..#..J.#,,,,,,,,,,
,,,*,,,<,.....#..#....#,,**,,,,,,
,,,*,,,,,.....#..#$...#,,**,,,,,,
,,,*,,,,,.....#§......#,,*#......
,,,*,,,,,......v@l....#..##......
,,,+,,,,,......v.........##.....#
,,,*,,,,,..........#..#..##...#..
,,,*,,***###.........>#..##......
,,,,,,***###.......##....##...#.#
,,,,,,,,,........#...............
,,,,,,***###.##....#.....##......
,,,,,,* #.*#............†.....
*,*,,,**####,*#....#.....###...##


You could see a wyvern (very poisoned, ally target) and an endoplasm.

Vanquished Creatures
  An orc priest (D:3)
  A hound skeleton (D:4)
  4 adders
  An ufetubus (D:4)
  3 dart slugs
  8 orcs (D:3)
  9 endoplasms
  6 giant cockroaches
  8 goblins
  6 hobgoblins
  16 jackals
  5 quokkas
  4 ball pythons
  6 bats
  5 frilled lizards
  4 kobolds
  8 rats
95 creatures vanquished.

Vanquished Creatures (others)
  279 foxfires
  2 fungi (D:1)
281 creatures vanquished.

Grand Total: 376 creatures vanquished

Notes
Turn   | Place    | Note
-------+----------+-------------------------------------------
     0 | D:1      | Spaninq the Djinni Fire Elementalist began the quest for
                  | the Orb.
     0 | D:1      | Reached XP level 1. HP: 15/15 MP: 0/0
   312 | D:1      | Reached XP level 2. HP: 18/22 MP: 0/0
   400 | D:1      | Reached skill level 1 in Slings
   576 | D:1      | Reached skill level 1 in Fighting
   840 | D:1      | Reached XP level 3. HP: 24/27 MP: 0/0
   840 | D:1      | Learned a level 1 spell: Pain
   863 | D:1      | Found a faded altar of an unknown god.
   869 | D:1      | Became a worshipper of the Wu Jian Council
   869 | D:1      | Reached * piety under Wu Jian
  1714 | D:2      | You are sucked into a shaft and drop 1 floor!
  1829 | D:3      | Reached skill level 2 in Slings
  1867 | D:2      | Reached XP level 4. HP: 26/32 MP: 0/0
  2503 | D:2      | Reached ** piety under Wu Jian
  2988 | D:3      | Reached XP level 5. HP: 35/38 MP: 0/0
  2988 | D:3      | Learned a level 2 spell: Searing Ray
  3365 | D:3      | Reached skill level 3 in Slings
  3407 | D:3      | Found a white marble altar of Elyvilon.
  4126 | D:4      | Reached *** piety under Wu Jian
  4127 | D:4      | Reached XP level 6. HP: 40/45 MP: 0/0
  4236 | D:4      | Found a staircase to the Ecumenical Temple.
  4277 | D:4      | Found a shimmering altar of Xom.
  4283 | D:4      | Noticed a wyvern
  4293 | D:4      | Slain by a wyvern

Illustrated notes

Levels and vault maps discovered:
D:1:      dpeg_arrival_chambers_temple_mockup, layout_basic,
          shapermc_ecumenical_altar_rom_forum, st_stairs_1
D:2:      layout_basic
D:3:      layout_loops_ring, elyvilon_altar_1, minmay_circle_x
D:4:      cheibrodos_old_hovel, layout_basic, kennysheep_mini_moat,
          xom_butterflies, minmay_temple_entry_slanted, serial_corexii_hall,
          chequers_hall_statues_y, corexii_hall_statues_i, gup_sewer_entry_pipe

Skill      XL: |  1  2  3  4  5 |
---------------+----------------+-----
Slings         | 1 2 3 |  3.5
Fighting       | 1 2 |  2.8
Dodging        | |  2.1
Stealth        | |  1.5
Spellcasting   | |  2.4

Action                   |  1- 3 |  4- 6 || total
-------------------------+-------+-------++-------
Melee: Spear             |     5 |    70 ||    75
 Fire: Hunting sling     |     1 |       ||     1
 Cast: Foxfire           |    76 |    94 ||   170
Invok: Lunge             |       |     1 ||     1
  Use: Scroll            |       |     8 ||     8
 Stab: Sleeping          |       |     6 ||     6
Armor: Robe              |     7 |    16 ||    23
Dodge: Dodged            |     9 |    48 ||    57
